 Dungeon Crawl Stone Soup version 0.31-a0-229-g1fc7ce93e2 (webtiles) character file.

Game seed: 16153488217006132055

72 qw the Shooter (level 4, -1/26 HPs)
             Began as a Gargoyle Hexslinger on July 6, 2023.
             Slain by an orc
             ... wielding a +0 whip
              (3 damage)
             ... on level 3 of the Dungeon.
             The game lasted 00:00:40 (1538 turns).

qw the Shooter (Gargoyle Hexslinger)                Turns: 1538, Time: 00:00:40

Health: -1/26      AC:  8    Str: 12    XL:     4   Next: 26%
Magic:  14/14      EV: 10    Int: 13    God:
Gold:   72         SH:  0    Dex: 14    Spells: 4/5 levels left

rFire   + . .        Y - +2 sling
rCold   + . .        (no shield)
rNeg    + . .        h - +0 ring mail
rPois   inf          (no helmet)
rElec   +            (no cloak)
rCorr   .            (no gloves)
SInv    .            (no boots)
Will    .....        (no amulet)
Stlth   +            a - ring of Geonle {rF+ rC+ MP+9}
HPRegen 0.24/turn    (no ring)
MPRegen 0.14/turn

%: no passive effects
@: no status effects
A: sickness immunity, AC +3, negative energy resistance 1, electricity
resistance, torment resistance 1, petrification resistance
a: no special abilities


You were on level 3 of the Dungeon.
You visited 1 branch of the dungeon, and saw 3 of its levels.

You collected 72 gold pieces.


Innate Abilities, Weirdness & Mutations

You are immune to sickness and miasma.
Your stone body is resilient. (AC +3)
You are immune to poison.
You resist negative energy. (rN+)
You are resistant to electric shocks. (rElec)
You are resistant to unholy torment.
You are immune to petrification.


   Skills:
 - Level 2.0 Fighting
 - Level 4.0 Ranged Weapons
 + Level 0.5 Armour
 - Level 1.5 Dodging
 - Level 1.0 Spellcasting
 - Level 2.6 Hexes


You had 4 spell levels left.
You knew the following spells:

 Your Spells              Type           Power      Damage    Failure   Level
a - Slow                  Hex            28%        N/A       22%         1

Your spell library contained the following spells:

 Spells                   Type           Power      Damage    Failure   Level
 Inner Flame              Hex/Fire       4%         N/A       73%         3
 Portal Projectile        Hex/Tloc       8%         N/A       73%         3
 Cause Fear               Hex            3%         N/A       91%         4

Inventory:

Hand Weapons
 Y - a +2 sling (weapon)
Armour
 h - a +0 ring mail (worn)
Jewellery
 a - the ring of Geonle (left hand) {rF+ rC+ MP+9}
   (You acquired it on level 1 of the Dungeon)

   [ring of protection from fire]

   rF:        It protects you from fire.
   rC:        It protects you from cold.
   MP:        It affects your magic capacity (+9).
Scrolls
 b - 2 scrolls of teleportation
 i - 2 scrolls of enchant armour
Potions
 c - a potion of degeneration {unknown}
 d - a potion of enlightenment {unknown}
 e - a potion of berserk rage {unknown}
 f - a potion of might {unknown}

Dungeon Overview and Level Annotations

Branches:
Dungeon (3/15)

Altars:


Message History

The orc priest is moderately wounded.
An orc comes into view. It is wielding a +0 hand axe.
You shoot a sling bullet.
The sling bullet completely misses the orc priest.
The orc shouts!
An orc comes into view. It is wielding a +0 hand axe.
You shoot a sling bullet. The orc shouts!
The sling bullet hits the orc priest.
The orc priest is heavily wounded.
You hear an angry hiss.
An adder comes into view.
You shoot a sling bullet. The sling bullet hits the orc priest.
The orc priest is heavily wounded.
You shoot a sling bullet.
The sling bullet closely misses the orc priest.
The orc priest barely misses you.
You shoot a sling bullet.
The sling bullet barely misses the orc priest.
The orc priest calls down the wrath of Beogh upon you.
Beogh smites you!
Ouch! That really hurt!
You shoot a sling bullet. The sling bullet hits the orc.
The orc is heavily wounded.
The orc priest looks encouraged for a moment.
The orc hits you but does no damage.
You shoot a sling bullet.
The sling bullet closely misses the orc.
The orc hits you but does no damage. x2
You shoot a sling bullet.
The sling bullet barely misses the orc priest.
A rat comes into view.
The orc priest closely misses you. The orc hits you with a +0 short sword.
The orc hits you with a +0 whip.
You shoot a sling bullet.
The sling bullet barely misses the orc priest.
The orc priest hits you with a +0 mace! The orc barely misses you. x2
The orc priest miscasts a cantrip.
The orc hits you but does no damage. The orc hits you with a +0 whip.
You die...

#... .# #... .# .... ..
. ..$ .# ... #r##o#
....#..oS
......oo################
#.o@................
#.################## # #


You could see an orc priest, an adder, 4 orcs and a rat.

Vanquished Creatures
  An adder (D:2)
  A worm (D:2)
  4 dart slugs
  7 ball pythons
  6 bats
  8 endoplasms
  5 giant cockroaches
  2 goblins
  2 hobgoblins (D:3)
  4 jackals (D:1)
  2 kobolds
  A quokka (D:2)
  3 frilled lizards
  3 rats (D:1)
49 creatures vanquished.

Notes
Turn   | Place    | Note
-------+----------+-------------------------------------------
     0 | D:1      | qw the Gargoyle Hexslinger began the quest for the Orb.
     0 | D:1      | Reached XP level 1. HP: 12/12 MP: 2/2
     0 | D:1      | 0 ||| qw: Version: 0.3-a-46-gb1f654a
     0 | D:1      | 0 ||| qw: Game counter: 1466
     0 | D:1      | 0 ||| qw: Melee chars always use a shield: true
     0 | D:1      | 0 ||| qw: God list: Okawaru
     0 | D:1      | 0 ||| qw: Allow faded altars: false
     0 | D:1      | 0 ||| qw: Do Orc after clearing Dungeon:15 true
     0 | D:1      | 0 ||| qw: Do second Lair branch before Depths: true
     0 | D:1      | 0 ||| qw: Lair rune preference: random
     0 | D:1      | 0 ||| qw: Goals: Normal
     0 | D:1      | 0 ||| PLANNING D:1-11
    88 | D:1      | 88 ||| FLEEEEING.
    93 | D:1      | 93 ||| FLEEEEING.
   102 | D:1      | Reached XP level 2. HP: 7/16 MP: 3/3
   202 | D:1      | Reached skill level 3 in Ranged Weapons
   332 | D:1      | Reached XP level 3. HP: 18/21 MP: 4/4
   546 | D:1      | 546 ||| UPGRADING to +0 ring mail.
   556 | D:1      | 556 ||| DROPPING +0 robe.
   557 | D:1      | 557 ||| READING scroll labelled ANA OSADUOVVEX.
   558 | D:1      | 558 ||| READING scroll labelled FUSITHETIA.
   558 | D:1      | Identified a scroll of acquirement
   558 | D:1      | 558 ||| ACQUIRING ring of Geonle {rF+ rC+ MP+9}
   558 | D:1      | Acquired the ring of Geonle {rF+ rC+ MP+9}
   560 | D:1      | 560 ||| UPGRADING to ring of Geonle {rF+ rC+ MP+9}.
   630 | D:1      | 630 ||| DROPPING scroll of poison.
   921 | D:2      | Reached XP level 4. HP: 26/26 MP: 5/5
  1322 | D:2      | 1322 ||| READING scroll labelled TISYR MUDWEBUU.
  1323 | D:2      | 1323 ||| READING scroll labelled TULURHOIMN.
  1327 | D:2      | 1327 ||| READING 3 scrolls labelled YXZATO TUHAUGE.
  1328 | D:2      | 1328 ||| READING scroll labelled GICVENL FINA.
  1329 | D:2      | 1329 ||| READING scroll labelled YQIFEO NOGIMUE.
  1330 | D:2      | 1330 ||| READING scroll labelled OMITIJ SIAHOS.
  1331 | D:2      | 1331 ||| DRINKING 2 murky black potions.
  1332 | D:2      | 1332 ||| DROPPING potion of attraction.
  1432 | D:3      | Reached skill level 4 in Ranged Weapons
  1538 | D:3      | HP: 2/26 [orc priest/+0 mace (8)]
  1538 | D:3      | Slain by an orc

Levels and vault maps discovered:
D:1:      amcnicky_arrival_wind_blow, layout_rooms, minmay_split_cup_small
D:2:      layout_loops_ring, nicolae_houndstooth_variations
D:3:      layout_rooms, overflow_temple_1_default

Skill      XL: |  1  2  3  4 |
---------------+-------------+-----
Ranged Weapons | 3 4 |  4.0
Fighting       | 2 |  2.0
Armour         | |  0.5
Dodging        | |  1.5
Spellcasting   | |  1.0
Hexes          | |  2.6

Action                     |  1- 3 |  4- 6 || total
---------------------------+-------+-------++-------
   Fire: Sling             |   106 |    41 ||   147
    Use: Scroll            |     2 |     6 ||     8
         Potion            |       |     1 ||     1
 Armour: Robe              |    18 |       ||    18
         Ring mail         |     3 |    10 ||    13
  Dodge: Dodged            |    37 |    11 ||    48

Table legend:
 A = Non-vault XP
 B = Vault XP
 C = Vault XP percentage of total XP
 D = Non-vault monster count
 E = Vault monster count
 F = Vault count percentage of total count
                 A         B        C        D         E       F
            +---------+---------+-------+---------+---------+-------
      Total |     100 |       4 |   3.8 |      46 |       3 |   6.1
            +---------+---------+-------+---------+---------+-------
        D:1 |      40 |       4 |   9.1 |      22 |       3 |  12.0
        D:2 |      43 |       0 |   0.0 |      14 |       0 |   0.0
        D:3 |      17 |       0 |   0.0 |      10 |       0 |   0.0
            +---------+---------+-------+---------+---------+-------
